 Dungeon Crawl Stone Soup version 0.19.1 (webtiles) character file.

390 Faustar the Changer (level 6, 0/43 HPs)
             Began as a Merfolk Transmuter on Dec 23, 2016.
             Slain by Pytinka's ghost (12 damage)
             ... on level 4 of the Dungeon.
             The game lasted 00:10:38 (5977 turns).

Faustar the Changer (Merfolk Transmuter)            Turns: 5977, Time: 00:10:39

Health: 0/43       AC:  2    Str: 12    XL:     6   Next: 80%
Magic:  9/10       EV: 21    Int: 13    God:
Gold:   178        SH:  0    Dex: 19    Spells: 2 memorised, 7 levels left

rFire  . . .     SeeInvis .       - Unarmed
rCold  . . .     Gourm    .     (armour currently unavailable)
rNeg   . . .     Faith    .     (shield currently unavailable)
rPois  x         Spirit   .     (helmet currently unavailable)
rElec  .         Reflect  .     (cloak currently unavailable)
rCorr  .         Harm     .     (gloves currently unavailable)
MR     .....                    (boots currently unavailable)
Stlth  ++........               (no amulet)
                                (no ring)
                                (no ring)

@: spider-form (expiring)
A: (change form in water), (swift swim), (stealthy swim)
a: End Transformation


You were on level 4 of the Dungeon.
You were not hungry.
You were a venomous arachnid creature.
You visited 1 branch of the dungeon, and saw 4 of its levels.

You collected 178 gold pieces.

Inventory:

Hand Weapons
 p - a +2 hand axe of venom (melded)
Armour
 b - a +0 robe (melded)
 i - a +0 shield
Jewellery
 j - a cursed amulet of inaccuracy {unknown}
 w - a +2 amulet of reflection {unknown}
Scrolls
 e - a scroll of random uselessness {unknown}
 h - a scroll of enchant armour {unknown}
 l - a scroll of fear {unknown}
 q - 2 scrolls of enchant weapon {unknown}
 r - a scroll of amnesia {unknown}
 s - 2 scrolls of fog {unknown}
 u - a scroll of magic mapping {unknown}
 y - a scroll of identify {unknown}
Potions
 f - a potion of invisibility {unknown}
 g - a potion of degeneration {unknown}
 k - a potion of brilliance {unknown}
 m - 2 potions of berserk rage {unknown}
 n - a potion of cure mutation {unknown}
 o - a potion of cancellation {unknown}
 v - a potion of haste {unknown}
 x - a potion of mutation {unknown}
 z - 2 potions of flight {unknown}
 A - a potion of curing
 B - a potion of lignification {unknown}
Books
 c - a book of Changes

   Spells                             Type                      Level
   a - Beastly Appendage              Transmutation                1
   b - Sticks to Snakes               Transmutation                2
   c - Spider Form                    Transmutation/Poison         3
   d - Ice Form                       Ice/Transmutation            4
   e - Blade Hands                    Transmutation                5
Comestibles
 a - 6 chunks of flesh
 d - 3 bread rations
 t - a beef jerky


   Skills:
 - Level 1.1 Fighting
 - Level 2.6 Dodging
 - Level 4.6 Unarmed Combat
 - Level 3.0 Spellcasting
 + Level 7.6 Transmutations


You had 7 spell levels left.
You knew the following spells:

 Your Spells              Type           Power        Failure   Level  Hunger
a - Beastly Appendage     Tmut           ###...       6%          1    #......
b - Spider Form           Tmut/Pois      ##........   32%         3    ###....


Dungeon Overview and Level Annotations

Branches:
Dungeon (4/15)
 Temple: D:4-7

Altars:
Ashenzari
Sif Muna
Vehumet

Annotations:
D:4 Pytinka's ghost, amateur MiFi


Message History

Pytinka's ghost is lightly damaged.
Pytinka's ghost misses you.
You hit Pytinka's ghost.
Pytinka's ghost is lightly damaged.
Pytinka's ghost barely misses you.
You hit Pytinka's ghost but do no damage.
Pytinka's ghost is lightly damaged.
Pytinka's ghost barely misses you.
You hit Pytinka's ghost.
Pytinka's ghost is lightly damaged.
Pytinka's ghost hits you!
You hit Pytinka's ghost but do no damage.
Pytinka's ghost is lightly damaged.
Pytinka's ghost hits you!
* * * LOW HITPOINT WARNING * * *
There is a stone staircase leading up here.
You hit Pytinka's ghost.
Pytinka's ghost is lightly damaged.
Pytinka's ghost hits you!
You die...

#.# ... ###.# .... ..... ....
...$ ..... ###..##.....
####........... ...............
#.#.s....... ######.#.W#######
### #...........#.# #...#
#.........#...#...#
#.........###.).# #.......#.#
#...# ######.##..'..#...#
####### #.######.#.#...#
#.#.....###.#....#############.


You could see Pytinka's ghost.

Vanquished Creatures
  An ogre (D:4)
  A phantom (D:4)
  A hound (D:4)
  A worker ant (D:4)
  6 adders
  An ooze (D:3)
  A worm (D:3)
  3 dart slugs
  5 leopard geckos
  7 orcs
  3 giant cockroaches
  10 goblins
  7 hobgoblins
  6 jackals
  2 quokkas (D:3)
  4 ball pythons
  12 bats
  7 frilled lizards
  10 kobolds
  9 rats
97 creatures vanquished.

Notes
Turn   | Place    | Note
-------+----------+-------------------------------------------
     0 | D:1      | Faustar the Merfolk Transmuter began the quest for the Orb.
     0 | D:1      | Reached XP level 1. HP: 15/15 MP: 3/3
    12 | D:1      | Reached skill level 3 in Transmutations
   234 | D:1      | Reached XP level 2. HP: 20/21 MP: 5/5
   344 | D:1      | Reached skill level 4 in Transmutations
   674 | D:1      | Reached XP level 3. HP: 12/26 MP: 6/6
  1390 | D:1      | Learned a level 3 spell: Spider Form
  1907 | D:2      | Reached XP level 4. HP: 5/32 MP: 8/8
  2840 | D:2      | Found a shattered altar of Ashenzari.
  3133 | D:2      | Found a deep blue altar of Sif Muna.
  3737 | D:3      | HP: 1/32 [poisoned by an adder]
  4047 | D:3      | Reached skill level 5 in Transmutations
  4326 | D:3      | Found a radiant altar of Vehumet.
  4361 | D:3      | Reached XP level 5. HP: 34/37 MP: 9/9
  4895 | D:4      | Noticed a phantom
  4916 | D:4      | HP: 1/37 [phantom (4)]
  4930 | D:4      | Killed a phantom
  5164 | D:4      | Reached skill level 6 in Transmutations
  5164 | D:4      | Reached XP level 6. HP: 7/43 MP: 6/10
  5864 | D:4      | Reached skill level 7 in Transmutations
  5962 | D:4      | Noticed Pytinka's ghost (amateur MiFi)
  5977 | D:4      | Slain by Pytinka's ghost

Skill      XL: |  1  2  3  4  5  6 |
---------------+-------------------+-----
Transmutations | 3 4 5 6 7 |  7.6
Spellcasting   | 3 |  3.0
Unarmed Combat | 4 |  4.6
Fighting       | |  1.1
Dodging        | |  2.6

Action                   |  1- 3 |  4- 6 || total
-------------------------+-------+-------++-------
Melee: Unarmed           |    33 |    65 ||    98
       Club              |   136 |   210 ||   346
       Tailslap          |     5 |     2 ||     7
       Headbutt          |     3 |       ||     3
       Punch             |     2 |     7 ||     9
       Hand axe          |       |     4 ||     4
 Cast: Beastly Appendage |     3 |       ||     3
       Spider Form       |       |    11 ||    11
  Use: Potion            |     1 |     4 ||     5
  Eat: Chunk             |     2 |    11 ||    13
       Meat ration       |       |     1 ||     1
Armor: Robe              |    25 |    48 ||    73
Dodge: Dodged            |   166 |   264 ||   430
